 Dungeon Crawl Stone Soup version 0.30.0 (webtiles) character file.

Game seed: 5430564984392552118

177 workbot the Shooter (level 5, -5/37 HPs)
             Began as a Human Hunter on May 5, 2023.
             Was a Believer of Hepliaklqana.
             Blown up by Ijyb (12 damage)
             ... with a mindburst bolt
             ... on level 4 of the Dungeon on May 6, 2023.
             The game lasted 00:08:56 (2375 turns).

workbot the Shooter (Human Hunter)                  Turns: 2375, Time: 00:08:57

Health: -5/37      AC:  5    Str: 11    XL:     5   Next: 88%
Magic:  5/5        EV: 11    Int: 16    God:    Hepliaklqana [**....]
Gold:   125        SH:  0    Dex: 18    Spells: 4/4 levels left

rFire   . . .        a - +0 shortbow
rCold   . . .        (shield currently unavailable)
rNeg    . . .        k - +0 ring mail
rPois   .            (no helmet)
rElec   .            (no cloak)
rCorr   .            (no gloves)
SInv    .            (no boots)
Will    .....        j - amulet of the acrobat
Stlth   +            i - ring of flight
HPRegen 0.26/turn    d - +6 ring of intelligence
MPRegen 0.09/turn

%: acrobat
@: flying
A: reduced essence
a: Renounce Religion, Recall Ancestor, Ancestor Identity


You were on level 4 of the Dungeon.
You worshipped Hepliaklqana.
Hepliaklqana was pleased with you.
You visited 1 branch of the dungeon, and saw 6 of its levels.
You also visited: Ossuary.

You collected 125 gold pieces.

Inventory:

Hand Weapons
 a - a +0 shortbow (weapon)
Armour
 k - a +0 ring mail (worn)
Jewellery
 d - a +6 ring of intelligence (right hand)
 i - a ring of flight (left hand)
 j - an amulet of the acrobat (around neck)
Potions
 b - 2 potions of curing
 c - a potion of berserk rage


   Skills:
 + Level 3.8 Fighting
 * Level 5.7 Ranged Weapons
 - Level 2.0 Dodging
 - Level 1.0 Stealth


You had 4 spell levels left.
You didn't know any spells.
Your spell library contained the following spells:

 Spells                   Type           Power      Damage    Failure   Level
 Scorch                   Fire           0%         2d5       67%         2
 Flame Wave               Conj/Fire      0%         2d4       99%         4
 Summon Cactus Giant      Summ           0%         N/A       100%        6


Dungeon Overview and Level Annotations

Branches:
Dungeon (6/15)            Ossuary (visited)
 Temple: D:4-7

Altars:
Hepliaklqana
Trog

Annotations:
D:2 1 runed translucent door, Crazy Yiuf
D:4 Ijyb


Message History

Ijyb is lightly wounded.
Ijyb closely misses you.
You shoot an arrow. The arrow hits Ijyb.
Ijyb is moderately wounded.
Ijyb screams, "I no like you!"
Ijyb zaps a wand.
Your mind is blasted!
* * * LOW HITPOINT WARNING * * *
You are too injured to fight recklessly!
You are too injured to fight recklessly!
You are too injured to fight recklessly!
Fire: a) +0 shortbow
Press: ? - help, Shift-Dir - straight line, f/p - Ijyb
Aim: Ijyb, wielding a +0 dagger, wearing a +0 scale mail and carrying a wand of mindburst (15) (moderately wounded, 61% to hit)
Unknown command.
As you read the scroll of fear, it crumbles to dust.
You assume a fearsome visage.
Ijyb looks frightened!
Press: ? - help, v - describe, . - travel The floor.
Unknown command.
Fire: a) +0 shortbow
Press: ? - help, Shift-Dir - straight line, f/p - Ijyb
Aim: Ijyb, wielding a +0 dagger, wearing a +0 scale mail and carrying a wand of mindburst (15) (moderately wounded, fleeing, 61% to hit)
You shoot an arrow. The arrow barely misses Ijyb.
Fire: a) +0 shortbow
Press: ? - help, Shift-Dir - straight line, f/p - Ijyb
Aim: Ijyb, wielding a +0 dagger, wearing a +0 scale mail and carrying a wand of mindburst (15) (moderately wounded, fleeing, 61% to hit)
You shoot an arrow. The arrow barely misses Ijyb.
Fire: a) +0 shortbow
Press: ? - help, Shift-Dir - straight line, f/p - Ijyb
Aim: Ijyb, wielding a +0 dagger, wearing a +0 scale mail and carrying a wand of mindburst (15) (moderately wounded, fleeing, 61% to hit)
You shoot an arrow. The arrow hits Ijyb but does no damage.
Your attack snaps Ijyb out of her fear.
Ijyb is moderately wounded.
Fire: a) +0 shortbow
Press: ? - help, Shift-Dir - straight line, f/p - Ijyb
Aim: Ijyb, wielding a +0 dagger, wearing a +0 scale mail and carrying a wand of mindburst (15) (moderately wounded, 61% to hit)
You shoot an arrow. The arrow hits Ijyb but does no damage.
Ijyb is moderately wounded.
Ijyb zaps a wand.
Your mind is blasted!
You die...

~..#..
...... ....
....## 8.8.
..### #...
### ##..# #
##..g#
#....##
#.....##
##...@..##
#........##
#.........##
#..........#
#.........##
♣+♣♣♣'♣...#
♣.....♣..##
♣.♣♣♣.♣..#
♣.....♣.##


You could see Ijyb.

Vanquished Creatures
  A mummy (Ossuary)
  4 gnolls (D:2)
  An adder (D:2)
  A worm (D:2)
  3 orcs (D:4)
  5 ball pythons
  4 endoplasms
  A giant cockroach (D:4)
  7 hobgoblins
  4 kobolds (D:2)
  2 bats
  6 frilled lizards
  6 goblins
  A goblin zombie (D:5)
  4 rats
50 creatures vanquished.

Vanquished Creatures (collateral kills)
  An orc wizard (D:4)
  2 gnolls (D:2)
  An adder (D:4)
  An adder zombie (Ossuary)
  A dart slug (D:4)
  An orc (D:4)
  A jackal zombie (Ossuary)
8 creatures vanquished.

Vanquished Creatures (others)
  A knight (D:4)
1 creature vanquished.

Grand Total: 59 creatures vanquished

Notes
Turn   | Place    | Note
-------+----------+-------------------------------------------
     0 | D:1      | workbot the Human Hunter began the quest for the Orb.
     0 | D:1      | Reached XP level 1. HP: 16/16 MP: 1/1
   347 | D:1      | Reached XP level 2. HP: 22/23 MP: 2/2
   422 | D:1      | Found a faded altar of an unknown god.
   433 | D:1      | Prayed at the altar of an unknown god.
   433 | D:1      | Became a worshipper of Hepliaklqana the Forgotten
   433 | D:1      | Reached * piety under Hepliaklqana
  1089 | D:2      | Reached XP level 3. HP: 25/25 MP: 3/3
  1563 | D:2      | Reached XP level 4. HP: 31/31 MP: 4/4
  1595 | D:2      | Reached skill level 5 in Ranged Weapons
  1603 | D:2      | Reached XP level 5. HP: 28/36 MP: 5/5
  1702 | D:2      | Found a runed translucent door.
  1703 | D:2      | Noticed Crazy Yiuf
  1872 | D:3      | You are sucked into a shaft and drop 3 floors!
  1873 | D:6      | Reached ** piety under Hepliaklqana
  1874 | D:6      | Noticed a sky beast
  1893 | D:5      | Entered Level 5 of the Dungeon
  1924 | D:5      | Found a sand-covered staircase.
  1939 | Ossuary  | Entered an ossuary
  1941 | Ossuary  | Remembered your ancestor Ingwe as a knight
  2345 | D:4      | Found a bloodstained altar of Trog.
  2361 | D:4      | Noticed Ijyb
  2375 | D:4      | Blown up by Ijyb

Illustrated notes

Levels and vault maps discovered:
D:1:      kennysheep_arrival_seaside, layout_loops_corners,
          shapermc_ecumenical_altar_pompeii, nicolae_kite_square_tiling_tiny,
          minmay_misc_feat_tower
D:2:      layout_loops_ring, minmay_misc_feat_secret_circle,
          uniq_crazy_yiuf_cottage
D:3:      layout_loops_ring, gup_sewer_entry_spiral, uniq_sigmund
D:4:      layout_cave_pods, mainiacjoe_overflow_divided_tiny,
          mainiacjoe_overflow_six_doors_small, serial_column_ruins,
          column_ruins_hut, column_ruins_hut, column_ruins_grid_3,
          column_ruins_open_tiny_water, column_ruins_corridor_T,
          column_ruins_grid_4, column_ruins_corridor_straight, uniq_ijyb
D:5:      layout_basic, serial_shops, nicolae_shop_drivethru, enter_ossuary_3,
          chequers_serial_rivers_room_b, uniq_duvessa
D:6:      layout_gridville, grunt_temple_overflow_open,
          minmay_temple_entry_ruins

Skill      XL: |  1  2  3  4 |
---------------+-------------+-----
Fighting       | 3 |  3.8
Ranged Weapons | 5 |  5.7
Dodging        | |  2.0
Stealth        | |  1.0

Action                     |  1- 3 |  4- 6 || total
---------------------------+-------+-------++-------
  Melee: Shortbow          |       |     4 ||     4
   Fire: Shortbow          |    84 |    63 ||   147
 Invoke: Recall Ancestor   |       |     2 ||     2
         Ancestor Life: Kn |       |     1 ||     1
    Use: Scroll            |     4 |     3 ||     7
         Potion            |       |     3 ||     3
 Armour: Leather armour    |     2 |       ||     2
         Ring mail         |     1 |    30 ||    31
  Dodge: Dodged            |    19 |    69 ||    88
